 Dungeon Crawl Stone Soup version 0.26.0-16-gc1dbca0489 (webtiles) character file.

Game seed: 17769347951176526368

354 kaeus the Sneak (level 6, -7/43 HPs)
             Began as an Octopode Berserker on Jan 20, 2021.
             Was a Believer of Trog.
             Mangled by an ogre
             ... wielding a +0 giant club
              (28 damage)
             ... on level 4 of the Dungeon.
             The game lasted 00:03:09 (2659 turns).

kaeus the Sneak (Octopode Berserker)                Turns: 2659, Time: 00:03:10

Health: -7/43      AC:  1    Str: 17    XL:     6   Next: 63%
Magic:  6/6        EV: 15    Int:  9    God:    Trog [**....]
Gold:   124        SH:  0    Dex: 13    Spells: 5/5 levels left

rFire    . . .     SeeInvis .   i - +3 dagger
rCold    . . .     Faith    .   (no shield)
rNeg     . . .     Spirit   .   (helmet restricted)
rPois    .         Reflect  .   (no amulet)
rElec    .         Harm     .   (no ring)
rCorr    .         Rampage  .   (no ring)
Will     .....                  (no ring)
Stlth    ++++......             (no ring)
HPRegen  0.14/turn              (no ring)
MPRegen  0.10/turn              (no ring)
                                (no ring)
                                (no ring)

@: no status effects
A: almost no armour, stealthy swim, amphibious, 8 rings, constrict 8, camouflage
1, gelatinous body 1
a: Renounce Religion, Berserk, Trog's Hand


You were on level 4 of the Dungeon.
You worshipped Trog.
Trog was pleased with you.
You visited 1 branch of the dungeon, and saw 4 of its levels.

You collected 124 gold pieces.

Inventory:

Hand Weapons
 i - a +3 dagger (weapon)
Scrolls
 a - a scroll of random uselessness {unknown}
 b - 2 scrolls of fear {unknown}
 d - 2 scrolls of enchant weapon {unknown}
 e - 3 scrolls of identify {unknown}
 f - a scroll of noise {unknown}
 g - a scroll of immolation {unknown}
 h - 2 scrolls of remove curse {unknown}
 j - 3 scrolls of teleportation {unknown}
Potions
 c - a potion of degeneration {unknown}
 k - a potion of might {unknown}
 l - 2 potions of curing {unknown}
 m - a potion of berserk rage {unknown}


   Skills:
 + Level 4.1 Fighting
 + Level 4.1 Short Blades
 + Level 4.1 Dodging
 * Level 5.7 Stealth


You had 5 spell levels left.
You didn't know any spells.
Your spell library contained the following spells:

 Spells                   Type           Power        Failure   Level
 Magic Dart               Conj           0%           38%         1
 Blink                    Tloc           N/A          52%         2
 Call Imp                 Summ           0%           52%         2
 Slow                     Hex            0%           52%         2
 Conjure Flame            Conj/Fire      0%           77%         3
 Mephitic Cloud           Conj/Pois/Air  0%           77%         3


Dungeon Overview and Level Annotations

Branches:
Dungeon (4/15)
 Temple: D:4-7

Altars:


Innate Abilities, Weirdness & Mutations

You cannot wear most types of armour.
You are very stealthy in the water. (Stealth+)
You are amphibious.
You can wear up to eight rings at the same time.
You can use your tentacles to constrict eight enemies at once.
Your skin changes colour to match your surroundings (Stealth+).
Your rubbery body absorbs attacks. (AC +1, EV +1)


Message History

You feel sick.
You feel sick.
You feel sick.
You feel sick.
You are no longer poisoned.
HP restored.
You see here a pair of boots.
You now have 124 gold pieces (gained 7).
j - 3 scrolls labelled KUICAAGOISS (gained 1)
m - a fuming silvery potion An ogre comes into view.
It is wielding a +0 giant club.
The ogre shouts!
You hear an angry hiss.
A leopard gecko comes into view.
The ogre hits you with a +0 giant club!!
Ouch! That really hurt!
You hit the ogre. You squeeze the ogre.
The ogre is moderately wounded.
The ogre hits you with a +0 giant club!!
Ouch! That really hurt!
You die...

........####.#.......#
#
####.#....##.#.......#
# ...#...............#
# ###
#.##.##.##.###### #
#....<..##.# #
#.##..#.##.# # #.
#<...##.# #####
#.##....[..#####....
#.O@.............###
#.......##############
#.#####l. ##.# .. #.#
.# .#


You could see an ogre and a leopard gecko.

Vanquished Creatures
  2 ogres
  2 orc wizards (D:3)
  2 worker ants (D:4)
  3 adders (D:3)
  3 worms
  2 dart slugs (D:1)
  3 leopard geckos
  3 orcs (D:3)
  2 ball pythons
  A giant cockroach (D:1)
  9 hobgoblins
  3 jackals (D:3)
  8 kobolds
  A quokka (D:4)
  5 bats
  A frilled lizard (D:3)
  2 goblins
  3 rats
55 creatures vanquished.

Notes
Turn   | Place    | Note
-------+----------+-------------------------------------------
     0 | D:1      | kaeus the Octopode Berserker began the quest for the Orb.
     0 | D:1      | Reached XP level 1. HP: 16/16 MP: 1/1
    60 | D:1      | Reached skill level 1 in Stealth
    60 | D:1      | Reached XP level 2. HP: 21/21 MP: 2/2
   332 | D:1      | Reached skill level 2 in Stealth
   466 | D:1      | Reached XP level 3. HP: 20/26 MP: 3/3
   900 | D:2      | Noticed an ogre
   908 | D:2      | Killed an ogre
   909 | D:2      | Reached skill level 3 in Stealth
   909 | D:2      | Reached XP level 4. HP: 31/31 MP: 4/4
  1106 | D:3      | Reached ** piety under Trog
  1143 | D:3      | Reached XP level 5. HP: 27/36 MP: 5/5
  1241 | D:3      | Reached skill level 4 in Stealth
  1922 | D:3      | Reached skill level 5 in Stealth
  2085 | D:4      | Noticed an ogre
  2091 | D:4      | Killed an ogre
  2092 | D:4      | Reached XP level 6. HP: 41/43 MP: 6/6
  2659 | D:4      | Mangled by an ogre

Illustrated notes

Levels and vault maps discovered:
D:1:      tarquinn_simple_flora_water_d, layout_rooms
D:2:      layout_basic
D:3:      layout_loops_ring
D:4:      layout_loops_cross, gammafunk_temple_overflow_pools,
          amcnicky_altar_gilded, uniq_sigmund, uniq_natasha

Skill      XL: |  1  2  3  4  5 |
---------------+----------------+-----
Stealth        | 1 2 3 5 |  5.7
Fighting       | 4 |  4.1
Short Blades   | 4 |  4.1
Dodging        | 4 |  4.1

Action                   |  1- 3 |  4- 6 || total
-------------------------+-------+-------++-------
Melee: Short sword       |    41 |       ||    41
       Tentacles         |    16 |    19 ||    35
       Constrict         |    11 |    19 ||    30
       Dagger            |     6 |    84 ||    90
Invok: Berserk           |       |     1 ||     1
 Stab: Sleeping          |     3 |     3 ||     6
       Distracted        |       |     1 ||     1
Armor: Skin              |     7 |     7 ||    14
Dodge: Dodged            |    59 |    37 ||    96
